AAA WEST
EL PASO CHIHUAHUAS @ ROUND ROCK EXPRESS
09/04/2041
 
TOP OF THE 1ST
El Paso Chihuahuas batting - Pitching for Round Rock Express : LHP Jerry Sexton
Pitching: LHP Jerry Sexton
Batting: LHB Greg Younger 0-0: SINGLE (Groundball, 6MD, EV 95.6 MPH)
Batting: LHB Ángelo Martínez 0-0: Ball
1-0: Ball
2-0: Ball
3-0: Called Strike
3-1: Called Strike
3-2: Strikes out swinging
Batting: RHB Jung-jun Moon 0-0: Called Strike
0-1: Ball
1-1: Foul Ball, location: 5F
1-2: Foul Ball, location: 3F
1-2: Fielders Choice at 2nd, 6-4 (Groundball, 56, EV 89.4 MPH)
Batting: LHB Shawn Jones 0-0: Ball
1-0: Foul Ball, location: 2F
1-1: Ball
2-1: Ground out 4-3 (Groundball, 4, EV 85.6 MPH)
Top of the 1st over - 0 runs, 1 hit, 0 errors, 1 left on base; El Paso 0 - Round Rock 0
BOTTOM OF THE 1ST
Round Rock Express batting - Pitching for El Paso Chihuahuas : RHP Joe Scott
Pitching: RHP Joe Scott
Batting: RHB Steve O'Neill 0-0: Foul Ball, location: 2F
0-1: DOUBLE (Line Drive, 9LM, EV 98.1 MPH)
Batting: RHB Ken Stephens 0-0: Foul Ball, location: 7LSF
0-1: Foul Ball, location: 2F
0-2: Foul Ball, location: 3FF
0-2: Foul Ball, location: 5FF
0-2: Strikes out looking
Batting: SHB Darrell Bailey 0-0: Ball
1-0: Swinging Strike
1-1: Swinging Strike
1-2: Ground out 5-3 (Groundball, 5, EV 88.1 MPH)
Batting: LHB Don Reed 0-0: Foul Ball, location: 2F
0-1: Ground out 4-3 (Groundball, 4, EV 82.5 MPH)
Bottom of the 1st over - 0 runs, 1 hit, 0 errors, 1 left on base; El Paso 0 - Round Rock 0
TOP OF THE 2ND
El Paso Chihuahuas batting - Pitching for Round Rock Express : LHP Jerry Sexton
Batting: LHB Ignacio Villa 0-0: Ball
1-0: Ball
2-0: Foul Ball, location: 2F
2-1: Ground out 4-3 (Groundball, 4, EV 93.8 MPH)
Batting: RHB Esdras Ghasabov 0-0: Ball
1-0: Swinging Strike
1-1: Foul Ball, location: 7LSF
1-2: Foul Ball, location: 3F
1-2: SINGLE (Groundball, 4MD, EV 104.4 MPH)
Batting: RHB Steve Jones 0-0: Called Strike
0-1: Ball
1-1: Ball
2-1: SINGLE (Groundball, 34D, EV 105.0 MPH)
Esdras Ghasabov to second
Runner from 2nd tries for 3rd, SAFE, throw by RF made to third
Batting: LHB Johann Sorely 0-0: Foul Ball, location: 5F
0-1: Foul Ball, location: 2F
0-2: Ball
1-2: Strikes out swinging
Batting: RHB Cristo Lópes 0-0: Ball
1-0: Ball
2-0: Foul Ball, location: 3SF
2-1: Foul Ball, location: 3F
2-2: Ball
3-2: Base on Balls
Steve Jones to second
Batting: LHB Greg Younger 0-0: Called Strike
0-1: Ball
1-1: Called Strike
1-2: Ground out 4-3 (Groundball, 4S, EV 62.5 MPH)
Top of the 2nd over - 0 runs, 2 hits, 0 errors, 3 left on base; El Paso 0 - Round Rock 0
BOTTOM OF THE 2ND
Round Rock Express batting - Pitching for El Paso Chihuahuas : RHP Joe Scott
Batting: RHB Héctor González 0-0: Swinging Strike
0-1: Ball
1-1: Fly out, F7 (Flyball, 78M, EV 100.0 MPH)
Batting: RHB Ken Hanson 0-0: Ball
1-0: Called Strike
1-1: Ball
2-1: Ball
3-1: Called Strike
3-2: Foul Ball, location: 2RF
3-2: Foul Ball, location: 7LDF
3-2: Base on Balls
Batting: RHB Cliff Richardson 0-0: Foul Ball, location: 2F
0-1: SINGLE (Groundball, 6MD, EV 100.0 MPH)
Ken Hanson to second
Batting: LHB Adrián Flores 0-0: Foul Ball, location: 3F
0-1: Ball
1-1: Called Strike
1-2: Foul Ball, location: 2F
1-2: Fly out, F6 (Popup, 6, EV 53.1 MPH)
Batting: RHB Jim Unknown 0-0: Ball
1-0: Ball
2-0: Called Strike
2-1: SINGLE (Groundball, 4, EV 82.5 MPH)
Ken Hanson to third
Cliff Richardson to second
Runner from 3rd tries for Home, SAFE, throw by CF to home
Batting: RHB Steve O'Neill 0-0: Ball
1-0: Ball
2-0: Ball
3-0: Called Strike
3-1: Base on Balls
Cliff Richardson to third
Jim Unknown to second
Batting: RHB Ken Stephens 0-0: Ball
1-0: Ball
2-0: Foul Ball, location: 2LF
2-1: Foul Ball, location: 7LDF
2-2: SINGLE (Groundball, 5D, EV 110.6 MPH)
Cliff Richardson scores
Jim Unknown to third
Steve O'Neill to second
Runner from 3rd tries for Home, SAFE, throw by LF to home
Batting: SHB Darrell Bailey 0-0: Foul Ball, location: 5DF
0-1: Ball
1-1: Foul Ball, location: 7LSF
1-2: Strikes out swinging, 2-3 out at first.
Bottom of the 2nd over - 3 runs, 3 hits, 0 errors, 2 left on base; El Paso 0 - Round Rock 3
TOP OF THE 3RD
El Paso Chihuahuas batting - Pitching for Round Rock Express : LHP Jerry Sexton
Batting: LHB Ángelo Martínez 0-0: SINGLE (Groundball, 34S, EV 73.1 MPH) (infield hit)
Batting: RHB Jung-jun Moon 0-0: Swinging Strike
0-1: Called Strike
0-2: Ball
1-2: Fly out, F9 (Flyball, 9, EV 95.0 MPH)
Batting: LHB Shawn Jones 0-0: Fielders Choice at 2nd, 2-4 (Groundball, 2L, EV 68.1 MPH)
Batting: LHB Ignacio Villa 0-0: Ball
1-0: Fly out, F9 (Flyball, 9LSF, EV 96.3 MPH)
Top of the 3rd over - 0 runs, 1 hit, 0 errors, 1 left on base; El Paso 0 - Round Rock 3
BOTTOM OF THE 3RD
Round Rock Express batting - Pitching for El Paso Chihuahuas : RHP Joe Scott
Batting: LHB Don Reed 0-0: Ball
1-0: Foul Ball, location: 9LDF
1-1: Ground out U3 (Groundball, 3, EV 101.9 MPH)
Batting: RHB Héctor González 0-0: Foul Ball, location: 5FF
0-1: Ball
1-1: Ball
2-1: Ball
3-1: Foul Ball, location: 5DF
3-2: Foul Ball, location: 7LMF
3-2: Foul Ball, location: 2F
3-2: DOUBLE (Line Drive, 89XD, EV 102.5 MPH)
Batting: RHB Ken Hanson 0-0: Ball
1-0: Ball
2-0: Called Strike
2-1: Foul Ball, location: 25F
2-2: Ball
3-2: Base on Balls
Batting: RHB Cliff Richardson 0-0: Called Strike
0-1: SINGLE (Groundball, 34D, EV 95.6 MPH)
Héctor González to third
Ken Hanson to second
Runner from 3rd tries for Home, SAFE, throw by RF to home
Batting: LHB Adrián Flores 0-0: Ball
1-0: Called Strike
1-1: Fielders Choice at 2nd, 3-6 (Groundball, 34, EV 96.3 MPH)
Ken Hanson to third
Batting: RHB Jim Unknown 0-0: Ball
1-0: Ball
2-0: Ball
3-0: Called Strike
3-1: Fly out, F3 (Popup, 23F, EV 81.9 MPH)
Bottom of the 3rd over - 1 run, 2 hits, 0 errors, 2 left on base; El Paso 0 - Round Rock 4
TOP OF THE 4TH
El Paso Chihuahuas batting - Pitching for Round Rock Express : LHP Jerry Sexton
Batting: RHB Esdras Ghasabov 0-0: Ball
1-0: TRIPLE (Flyball, 89D, EV 105.6 MPH)
Batting: RHB Steve Jones 0-0: Foul Ball, location: 7LDF
0-1: Ball
1-1: Swinging Strike
1-2: SINGLE (Groundball, 4MD, EV 105.0 MPH)
Esdras Ghasabov scores
Batting: LHB Johann Sorely 0-0: SINGLE (Groundball, 4M, EV 100.0 MPH)
Steve Jones to second
Batting: RHB Cristo Lópes 0-0: Ball
1-0: Swinging Strike
1-1: Foul Ball, location: 2F
1-2: Strikes out swinging
Batting: LHB Greg Younger 0-0: Ball
1-0: Grounds out, U3 (Groundball, 3L, EV 78.8 MPH)
Steve Jones to third
Batting: LHB Ángelo Martínez 0-0: Ball
1-0: Ball
2-0: Foul Ball, location: 2F
2-1: Ball
3-1: Called Strike
3-2: SINGLE (Line Drive, 89S, EV 95.0 MPH)
Steve Jones scores
Johann Sorely to third
Runner from 3rd tries for Home, SAFE, throw by RF to home
Batting: RHB Jung-jun Moon 0-0: Ball
1-0: Fly out, F8 (Flyball, 8RXD, EV 92.5 MPH)
Top of the 4th over - 3 runs, 4 hits, 0 errors, 1 left on base; El Paso 3 - Round Rock 4
BOTTOM OF THE 4TH
Round Rock Express batting - Pitching for El Paso Chihuahuas : RHP Joe Scott
Batting: RHB Steve O'Neill 0-0: Ball
1-0: Ball
2-0: Foul Ball, location: 25F
2-1: Called Strike
2-2: Fly out, F8 (Flyball, 78M, EV 98.8 MPH)
Batting: RHB Ken Stephens 0-0: Ball
1-0: Foul Ball, location: 7LSFF
1-1: Foul Ball, location: 9LDF
1-2: Foul Ball, location: 5F
1-2: Fly out, F9 (Flyball, 89S, EV 85.6 MPH)
Batting: SHB Darrell Bailey 0-0: Ball
1-0: Ground out U3 (Groundball, 3, EV 85.6 MPH)
Bottom of the 4th over - 0 runs, 0 hits, 0 errors, 0 left on base; El Paso 3 - Round Rock 4
TOP OF THE 5TH
El Paso Chihuahuas batting - Pitching for Round Rock Express : LHP Jerry Sexton
Batting: LHB Shawn Jones 0-0: Swinging Strike
0-1: Fly out, F7 (Flyball, 78S, EV 90.6 MPH)
Batting: LHB Ignacio Villa 0-0: Ball
1-0: Fly out, F3 (Popup, 23F, EV 83.1 MPH)
Batting: RHB Esdras Ghasabov 0-0: Fly out, F9 (Flyball, 89D, EV 76.9 MPH)
Top of the 5th over - 0 runs, 0 hits, 0 errors, 0 left on base; El Paso 3 - Round Rock 4
BOTTOM OF THE 5TH
Round Rock Express batting - Pitching for El Paso Chihuahuas : RHP Joe Scott
Batting: LHB Don Reed 0-0: Ball
1-0: Ball
2-0: Foul Ball, location: 3DF
2-1: Ground out 4-3 (Groundball, 4, EV 103.1 MPH)
Batting: RHB Héctor González 0-0: Ball
1-0: Called Strike
1-1: Ball
2-1: DOUBLE (Flyball, 89XD, EV 105.0 MPH)
Batting: RHB Ken Hanson 0-0: Swinging Strike
0-1: Ball
1-1: Called Strike
1-2: Fly out, F7 (Flyball, 7, EV 80.6 MPH)
Pitching: RHP Danny Seals
Batting: RHB Cliff Richardson 0-0: Ball
1-0: Ball
2-0: Called Strike
2-1: Swinging Strike
2-2: Foul Ball, location: 2F
2-2: Strikes out swinging
Bottom of the 5th over - 0 runs, 1 hit, 0 errors, 1 left on base; El Paso 3 - Round Rock 4
TOP OF THE 6TH
El Paso Chihuahuas batting - Pitching for Round Rock Express : LHP Jerry Sexton
Batting: RHB Steve Jones 0-0: Ball
1-0: Fly out, F8 (Line Drive, 78M, EV 105.0 MPH)
Batting: LHB Johann Sorely 0-0: Swinging Strike
0-1: Swinging Strike
0-2: Strikes out swinging
Batting: RHB Cristo Lópes 0-0: Called Strike
0-1: Swinging Strike
0-2: Ground out 6-3 (Groundball, 56D, EV 93.8 MPH)
Top of the 6th over - 0 runs, 0 hits, 0 errors, 0 left on base; El Paso 3 - Round Rock 4
BOTTOM OF THE 6TH
Round Rock Express batting - Pitching for El Paso Chihuahuas : RHP Danny Seals
Batting: LHB Adrián Flores 0-0: Ball
1-0: Called Strike
1-1: Ball
2-1: Ball
3-1: Foul Ball, location: 25F
3-2: Ground out 4-3 (Groundball, 4, EV 102.5 MPH)
Batting: RHB Jim Unknown 0-0: Ball
1-0: Called Strike
1-1: Foul Ball, location: 2F
1-2: Strikes out swinging
Batting: RHB Steve O'Neill 0-0: SINGLE (Groundball, 34D, EV 106.9 MPH) (infield hit)
Batting: RHB Ken Stephens 0-0: Called Strike
Steve O'Neill steals 2nd base
0-1: Ball
1-1: SINGLE (Line Drive, 9S, EV 105.0 MPH)
Steve O'Neill to third
Runner from 3rd tries for Home, SAFE, throw by RF to home
Batting: SHB Darrell Bailey 0-0: Ball
1-0: Swinging Strike
1-1: Ball
2-1: Called Strike
2-2: Strikes out looking
Bottom of the 6th over - 1 run, 2 hits, 0 errors, 1 left on base; El Paso 3 - Round Rock 5
TOP OF THE 7TH
El Paso Chihuahuas batting - Pitching for Round Rock Express : LHP Jerry Sexton
Batting: LHB Greg Younger 0-0: Ball
1-0: Ball
2-0: Ball
3-0: Base on Balls
Batting: LHB Ángelo Martínez 0-0: Sac Bunt to 15 - play at first, batter OUT! 1-3
Greg Younger to second
Batting: RHB Jung-jun Moon 0-0: Ball
1-0: SINGLE (Groundball, 56, EV 101.3 MPH)
Greg Younger to third
Runner from 3rd tries for Home, SAFE, throw by LF to home
Batting: LHB Shawn Jones 0-0: Foul Ball, location: 5SF
0-1: Ball
Jung-jun Moon steals 2nd base
1-1: Ball
2-1: Called Strike
2-2: Foul Ball, location: 9LMF
2-2: SINGLE (Line Drive, 7S, EV 99.4 MPH)
Jung-jun Moon to third
Batting: LHB Ignacio Villa 0-0: Ball
1-0: Swinging Strike
1-1: Ball
2-1: Swinging Strike
2-2: Ball
3-2: Foul Ball, location: 2F
3-2: Foul Ball, location: 7LMF
3-2: Base on Balls
Shawn Jones to second
Pitching: RHP Steve Clements
Pinch Hitting: LHB Steve Morris 0-0: Ball
1-0: Swinging Strike
1-1: Swinging Strike
1-2: Foul Ball, location: 3FF
1-2: Ball
2-2: Grounds into fielders choice 6-2 (Groundball, 6, EV 100.0 MPH)
Shawn Jones to third
Ignacio Villa to second
Batting: RHB Steve Jones 0-0: Ball
1-0: Swinging Strike
1-1: Swinging Strike
1-2: Strikes out swinging
Top of the 7th over - 1 run, 2 hits, 0 errors, 3 left on base; El Paso 4 - Round Rock 5
BOTTOM OF THE 7TH
Round Rock Express batting - Pitching for El Paso Chihuahuas : RHP Danny Seals
Pitching: LHP Buddy Coleman
Now at 2B: Greg Younger
Now at SS: José Beltrán
Batting: LHB Don Reed 0-0: SINGLE (Line Drive, 4D, EV 95.6 MPH)
Batting: RHB Héctor González 0-0: Called Strike
0-1: Ball
1-1: Foul Ball, location: 3SF
1-2: SINGLE (Groundball, 56D, EV 102.5 MPH)
Don Reed to second
Pinch Runner at 2nd Brad Bates:
Batting: RHB Ken Hanson 0-0: Ball
1-0: Ball
2-0: Fly out, F8 (Flyball, 8LM, EV 91.3 MPH)
Batting: RHB Cliff Richardson 0-0: Swinging Strike
0-1: Fly out, F6 (Popup, 6S, EV 68.8 MPH)
Batting: LHB Adrián Flores 0-0: Ball
1-0: Called Strike
1-1: Ball
2-1: Fielders Choice at 2nd, U6 (Groundball, 6M, EV 86.9 MPH)
Bottom of the 7th over - 0 runs, 2 hits, 0 errors, 2 left on base; El Paso 4 - Round Rock 5
TOP OF THE 8TH
El Paso Chihuahuas batting - Pitching for Round Rock Express : RHP Steve Clements
Now in LF: Ken Stephens
Now in CF: Brad Bates
Batting: LHB Johann Sorely 0-0: Ball
1-0: Fly out, F9 (Flyball, 9, EV 82.5 MPH)
Batting: RHB Cristo Lópes 0-0: Ball
1-0: Swinging Strike
1-1: Foul Ball, location: 9LDF
1-2: Ball
2-2: Strikes out swinging
Batting: LHB Greg Younger 0-0: Called Strike
0-1: Foul Ball, location: 3FF
0-2: Strikes out swinging
Top of the 8th over - 0 runs, 0 hits, 0 errors, 0 left on base; El Paso 4 - Round Rock 5
BOTTOM OF THE 8TH
Round Rock Express batting - Pitching for El Paso Chihuahuas : LHP Buddy Coleman
Batting: RHB Jim Unknown 0-0: Called Strike
0-1: Fly out, F9 (Flyball, 9, EV 98.8 MPH)
Batting: RHB Steve O'Neill 0-0: Called Strike
0-1: Ball
1-1: Called Strike
1-2: Strikes out swinging
Batting: RHB Ken Stephens 0-0: Swinging Strike
0-1: Called Strike
0-2: Ball
1-2: Strikes out looking
Bottom of the 8th over - 0 runs, 0 hits, 0 errors, 0 left on base; El Paso 4 - Round Rock 5
TOP OF THE 9TH
El Paso Chihuahuas batting - Pitching for Round Rock Express : RHP Steve Clements
Batting: LHB Ángelo Martínez 0-0: Ball
1-0: Foul Ball, location: 2F
1-1: Ball
2-1: Ball
3-1: Foul Ball, location: 2LF
3-2: Base on Balls
Batting: RHB Jung-jun Moon 0-0: Foul Ball, location: 5F
0-1: Ball
1-1: Foul Ball, location: 2F
1-2: Foul Ball, location: 9LDF
1-2: Strikes out looking
Batting: LHB Shawn Jones 0-0: Ball
1-0: Called Strike
1-1: Ball
2-1: Grounds into double play, 4-6-3 (Groundball, 34S, EV 84.4 MPH)
Top of the 9th over - 0 runs, 0 hits, 0 errors, 0 left on base; El Paso 4 - Round Rock 5
Monday, April 1st , 2024 - OOTP Baseball 24.10 Build 82